[Event "Early-Titled-Tuesday-Blitz-January-16-2024"]
[Site "Chess.com"]
[Date "2024.01.16"]
[Round "3"]
[White "Talent-OF-Slovenia"]
[Black "abelmat"]
[Result "1-0"]
[WhiteElo "2379"]
[BlackElo "2073"]
[TimeControl "180+1"]
[EndTime "8:29:47 PST"]
[Termination "Talent-OF-Slovenia won on time"]

1. e4 e6 2. d4 d5 3. Nd2 Nc6 4.
Ngf3 Nf6 5. e5 Nd7 6. c3 f6 7. Bb5 a6 8. Bxc6 bxc6 9. O-O Be7 10. Re1 f5 11. Nb3 O-O 12. Na5 Nb8 13. Bd2 c5 14.
Nb3 Nd7 15. dxc5 Nxc5 16. Nbd4 Bd7 17. Qe2 Ne4 18. b4 c5 19. bxc5 Bxc5 20. c4 Qe7 21. cxd5 exd5 22. Be3 f4 23. Bc1 Bg4 24. Bb2 Ng5 25. Qd3 Bxd4 26. Nxd4 f3 27. h4 Nh3+ 28. gxh3 Bxh3 29. Nxf3 Qe6 30. Ng5 Qg4+ 31. Qg3 Qd7 32. Qxh3 Qxh3 33. Nxh3 h6 34. e6 Rfe8 35. Kg2 Rab8 36.
Re2 Rb4 37. Rae1 Rg4+ 38. Kh2 Rxh4 39. Kg3 Rh5 40. f4 Rf5 41. Re5 1-0

[Event "Early-Titled-Tuesday-Blitz-January-16-2024"]
[Site "Chess.com"]
[Date "2024.01.16"]
[Round "3"]
[White "Sychev_Klementy"]
[Black "GMWSO"]
[Result "0-1"]
[WhiteElo "2786"]
[BlackElo "3087"]
[TimeControl "180+1"]
[EndTime "8:29:48 PST"]
[Termination "GMWSO won by checkmate"]

1. d4 Nf6 2. c4 e6 3. g3 c5 4.
d5 exd5 5. cxd5 d6 6. Nc3 g6 7.
Bg2 Bg7 8. Nf3 O-O 9. O-O Re8 10. Re1 Ne4 11. Nxe4 Rxe4 12. Nd2 Re8 13. a4 Nd7 14. a5 Rb8 15. Qc2 Ne5 16. h3 g5 17. Ra3 h6 18.
Nf1 b5 19. axb6 axb6 20. Ne3 b5 21. Nf5 Bxf5 22. Qxf5 b4 23. Ra6 Ra8 24. Rxa8 Qxa8 25. h4 gxh4 26. gxh4 Qc8 27. Qf4 Qg4 28. Qxg4 Nxg4 29.
b3 Ne5 30. Be3 c4 31. bxc4 Nxc4 32. Rb1 Nxe3 33. fxe3 Bc3 34. e4 Rb8 35. Rb3 Kg7 36.
Kf2 Kf6 37. Bf3 Ke5 38. Ke3 f6 39. h5 Bd4+ 40. Kd3 Bc5 41. Kc4 Ra8 42. Kd3 Ra1 43.
Kc4 Rc1+ 44. Kb5 Kd4 45. Rd3+ Ke5 46. Rb3 Rc3 47. Ka4 Kd4 48. Bg2 Kc4 49. Rb1 Ra3# 0-1

[Event "Early-Titled-Tuesday-Blitz-January-16-2024"]
[Site "Chess.com"]
[Date "2024.01.16"]
[Round "3"]
[White "crazy_m_attack"]
[Black "Lion-Al-Messi"]
[Result "1-0"]
[WhiteElo "2455"]
[BlackElo "2622"]
[TimeControl "180+1"]
[EndTime "8:29:50 PST"]
[Termination "crazy_m_attack won by resignation"]

1. e4 e6 2. d4 d5 3. Nc3 Nf6 4.
e5 Nfd7 5. Nce2 c5 6. c3 Nc6 7. Nf3 Qb6 8. a3 Be7 9. b4 cxd4 10. cxd4 f6 11. Nf4 fxe5 12. Nxe6 e4 13. Nfg5 Bxg5 14. Bxg5 Nf6 15. Bxf6 gxf6 16. Qh5+ Ke7 17. Nc5 Nxd4 18. O-O-O Ne6 19. Rxd5 Nxc5 20. Rxc5 Be6 21. Be2 Rac8 22. Kb2 Rxc5 23. Qxc5+ Qxc5 24. bxc5 Rd8 25. Rd1 Rc8 26.
Rc1 f5 27. Bb5 Kf6 28. c6 bxc6 29. Rxc6 Rb8 30. a4 Ke5 31. Kc3 Bd5 32. Rc7 Rb7 33. Rxb7 Bxb7 34. g3 f4 35. Kd2 h5 36. Be2 f3 37.
Bd1 Kd4 38. Bc2 Bd5 39. a5 Bc4 40. Bd1 Bd3 41. h4 Bc4 42. Bc2 Be6 43. Bd1 Bf5 44.
Bc2 Bg6 45. Bd1 Kc4 46. Ke3 Kb5 47. Bc2 Kxa5 48. Bxe4 Bxe4 49. Kxe4 Kb4 50. g4 hxg4 51.
h5 g3 52. Kxf3 a5 53. h6 a4 54. h7 g2 55. Kxg2 a3 56. h8=Q 1-0

[Event "Early-Titled-Tuesday-Blitz-January-16-2024"]
[Site "Chess.com"]
[Date "2024.01.16"]
[Round "3"]
[White "ylr5000"]
[Black "francyIM"]
[Result "0-1"]
[WhiteElo "2441"]
[BlackElo "2821"]
[TimeControl "180+1"]
[EndTime "8:29:51 PST"]
[Termination "francyIM won by resignation"]

1. d4 Nf6 2. c4 g6 3. Nc3 Bg7 4. e4 d6 5. Be2 e5 6. d5 a5 7. Be3 Na6 8. g4 Nd7 9. Qd2 Ndc5 10. h4 h5 11. gxh5 gxh5 12. O-O-O f5 13. Nh3 f4 14. Bxc5 Nxc5 15. Rdg1 Bf6 16. Ng5 Ke7 17. Qd1 Qe8 18. Bf1 Bg4 19. f3 Bd7 20. Bh3 Bxh3 21. Rxh3 Qd7 22.
Rh2 Rag8 23. Qf1 Bxg5 24. Rxg5 Rxg5 25. hxg5 Kf7 26. Nd1 Kg6 27. Nf2 c6 28. Kb1 cxd5 29. cxd5 b5 30. Qh3 Qxh3 31. Nxh3 Rc8 32. Rc2 Rc7 33. Rc3 Na6 34. Rc6 Rxc6 35. dxc6 Nc7 36. Kc2 Kf7 37. Kd3 Ne6 38. a4 bxa4 39. Kc4 Nc7 40.
Nf2 h4 41. Nh3 Ke6 42. Nf2 Ke7 43. Nh3 Kf7 44. Nf2 Kg6 45. Nh3 Kh5 46. Kc3 d5 47. exd5 Nxd5+ 48. Kc4 Nc7 49. Kc5 e4 50. fxe4 f3 51. Kd4 Ne6+ 52. Ke3 Kg4 53. Nf2+ Kxg5 54. Kxf3 Nd4+ 55. Ke3 Nxc6 56. Kd3 Kf4 57. Kc3 Kf3 58.
Nh3 Kxe4 59. Kc4 Kf3 60. Kb5 Nb4 61. Kxa4 Nd3 62. b3 Nc5+ 63. Kxa5 Nxb3+ 64. Kb4 Nd4 65. Kc3 Ne6 66. Kd2 Kg2 0-1

[Event "Early-Titled-Tuesday-Blitz-January-16-2024"]
[Site "Chess.com"]
[Date "2024.01.16"]
[Round "3"]
[White "Garbaranza"]
[Black "Kolle05"]
[Result "1-0"]
[WhiteElo "2428"]
[BlackElo "2595"]
[TimeControl "180+1"]
[EndTime "8:29:51 PST"]
[Termination "Garbaranza won by resignation"]

1. e4 c5 2. Nc3 Nc6 3. Nf3 d6 4. d4 cxd4 5. Nxd4 Nf6 6. f4 g6 7. Nb3 Bg7 8. Be3 O-O 9. Be2 a6 10. g4 b5 11. g5 Nd7 12. Bf3 Bb7 13. h4 Nb6 14. Bxb6 Qxb6 15. Nd5 Qd8 16. c3 Na5 17. Nxa5 Qxa5 18. Nxe7+ Kh8 19. Nd5 Rfe8 20. h5 b4 21.
hxg6 Bxd5 22. Rxh7+ Kg8 23. Rxg7+ Kxg7 24. Qd4+ Kf8 25. Qh8+ Ke7 26. Qf6+ Kd7 27. O-O-O bxc3 28. Rxd5 cxb2+ 29. Kb1 Qa3 30. Qxf7+ Re7 31. Bg4+ Kd8 32. Qf8+ Re8 33. Qxd6+ Qxd6 34. Rxd6+ Kc7 35. Rd7+ Kc6 36. g7 Rxe4 37. Rd1 Rxf4 38. Be6 Rf2 39. g8=Q Rxg8 40. Bxg8 Kc5 41. Bb3 Rg2 42. Bc2 Rxg5 43. Kxb2 Re5 44. Rf1 Kb6 45. Rf5 Re6 46. Rg5 Rd6 47.
Rg6 Kc5 48. Rxd6 Kxd6 49. Bd3 a5 50. Kb3 Kc5 51. Ka4 Kb6 52. Bb5 1-0

[Event "Early-Titled-Tuesday-Blitz-January-16-2024"]
[Site "Chess.com"]
[Date "2024.01.16"]
[Round "3"]
[White "Alimpic"]
[Black "chessdjw"]
[Result "1-0"]
[WhiteElo "2507"]
[BlackElo "2717"]
[TimeControl "180+1"]
[EndTime "8:29:52 PST"]
[Termination "Alimpic won by checkmate"]

1. d4 Nf6 2. c4 e6 3. Nc3 Bb4 4.
Bd2 c5 5. dxc5 O-O 6. e3 Bxc5 7. Nf3 Nc6 8. Rc1 b6 9. Be2 Bb7 10. O-O Rc8 11. a3 d5 12. cxd5 Nxd5 13. Nxd5 Qxd5 14. Qa4 Rfd8 15. Rfd1 Qf5 16. Bc3 h6 17. h3 Be7 18. Ba6 Bxa6 19. Qxa6 Qe4 20. Qe2 Rxd1+ 21. Rxd1 Rd8 22. Rxd8+ Nxd8 23. Qd1 Qb7 24. Qd3 Nc6 25.
h4 b5 26. h5 a6 27. Ne5 Nxe5 28. Bxe5 Qc6 29. Qc3 Qxc3 30. Bxc3 g6 31. g4 gxh5 32. gxh5 f6 33. Kg2 Kf7 34. e4 f5 35.
Kf3 Bg5 36. b3 Ke7 37. Be5 Kd7 38. a4 bxa4 39. bxa4 Kc6 40. exf5 exf5 41. Ke2 Kc5 42. f4 Be7 43. Bg7 Kb4 44. Bxh6 Kxa4 45. Bg7 Kb3 46. h6 a5 47. h7 a4 48. h8=Q a3 49. Ba1 Ka2 50. Kd1 Bb4 51. Kc2 Bc3 52. Qb8 Bb4 53. Qxb4 Kxa1 54. Qb1# 1-0

[Event "Early-Titled-Tuesday-Blitz-January-16-2024"]
[Site "Chess.com"]
[Date "2024.01.16"]
[Round "3"]
[White "Nasrin_Babayeva"]
[Black "Doublekk14"]
[Result "0-1"]
[WhiteElo "1842"]
[BlackElo "2254"]
[TimeControl "180+1"]
[EndTime "8:29:52 PST"]
[Termination "Doublekk14 won by resignation"]

1. d4 Nf6 2. c4 e6 3. e3 d5 4.
Nc3 c5 5. a3 Nc6 6. dxc5 a5 7.
Nf3 Bxc5 8. cxd5 exd5 9. Bb5 O-O 10. O-O h6 11. Bxc6 bxc6 12. Ne5 Qd6 13. Nd3 Bb6 14. Na4 Bc7 15. f4 Bg4 16. Qc2 Bf5 17. Nac5 Bb6 18. Rd1 Nd7 19. Nxd7 Qxd7 20. Qb3 Rab8 21. Ne5 Qe6 22.
Qa4 Rfc8 23. Bd2 f6 24. Nf3 Bxe3+ 25. Kh1 Bxd2 26. Rxd2 Be4 27. Nd4 Qd6 28. Rf1 c5 29.
Ne2 Qa6 30. Qd1 Qe6 31. Nc3 Rd8 32. Re1 f5 33. Nxe4 fxe4 34. Qa4 e3 35. Rde2 d4 36. Qxa5 Qd5 37. Rd1 Re8 38. Qe1 Rb7 39. Rxe3 Rxe3 40. Qxe3 dxe3 41. Rxd5 Rxb2 42. Rd1 e2 43. Re1 Rd2 44.
Kg1 c4 45. Kf2 c3 46. Rxe2 c2 47. Rxd2 c1=Q 48. Rd8+ Kf7 49. Rd7+ Kf6 50. Rd6+ Kf5 51. Rd5+ Kxf4 52. g3+ Ke4 53. Rh5 Qe3+ 0-1

[Event "Early-Titled-Tuesday-Blitz-January-16-2024"]
[Site "Chess.com"]
[Date "2024.01.16"]
[Round "3"]
[White "lefonghua"]
[Black "shimastream"]
[Result "0-1"]
[WhiteElo "2648"]
[BlackElo "3009"]
[TimeControl "180+1"]
[EndTime "8:29:53 PST"]
[Termination "shimastream won on time"]

1. d4 Nf6 2. c4 g6 3. Nc3 d6 4. e4 Bg7 5. f4 O-O 6. Nf3 c5 7. d5 e6 8. Be2 exd5 9. cxd5 Bg4 10. O-O Bxf3 11. Bxf3 Nbd7 12. Re1 Ne8 13. Be3 Rb8 14.
Bf2 b5 15. a3 a5 16. Rc1 b4 17. axb4 axb4 18. Na4 b3 19. Rc4 Qa5 20. e5 dxe5 21.
Nxc5 Nxc5 22. Bxc5 e4 23. Bxf8 Kxf8 24. Rcxe4 Nd6 25.
R4e2 h5 26. Qd3 Qb4 27. g3 Rc8 28. Kg2 Bf6 29. Ra1 Kg7 30. Ra3 Rb8 31. Ra6 h4 32. Rc6 Rh8 33. Bg4 hxg3 34. hxg3 Rd8 35. Rc7 Qa5 36. Rc6 Qa4 37. Bf3 Nf5 38. Rb6 Nd4 39. Re4 Rxd5 40. Rxb3 Qxb3 41. Re3 Qxd3 42. Rxd3 Rd6 43.
b4 Rb6 44. Re3 Rxb4 45. Be4 Rb2+ 46. Kh3 Rb3 47. Rxb3 Nxb3 48. g4 Bd4 49. g5 Nc5 50.
Bd5 Be3 51. Kg4 Bc1 52. f5 gxf5+ 53. Kxf5 Nd7 0-1

[Event "Early-Titled-Tuesday-Blitz-January-16-2024"]
[Site "Chess.com"]
[Date "2024.01.16"]
[Round "3"]
[White "vasblesk"]
[Black "AlbusSevresPotter"]
[Result "0-1"]
[WhiteElo "2776"]
[BlackElo "2555"]
[TimeControl "180+1"]
[EndTime "8:29:53 PST"]
[Termination "AlbusSevresPotter won on time"]

1. Nf3 Nf6 2. g3 b6 3. Bg2 Bb7 4. O-O e6 5. c4 c5 6. d3 Be7 7. e4 d5 8. exd5 exd5 9. Nc3 d4 10. Ne2 O-O 11. Bg5 Nbd7 12. Nf4 Bd6 13. Nh5 h6 14. Nxf6+ Nxf6 15. Bxf6 Qxf6 16. Nd2 Bxg2 17. Kxg2 Qg6 18. Qf3 Rfe8 19. Rae1 Kh7 20. h3 h5 21. g4 Bc7 22.
Qf5 Qxf5 23. gxf5 g6 24. Ne4 Kg7 25. f6+ Kh6 26. f4 Re6 27. f5 gxf5 28. Rxf5 Rg8+ 29. Kf3 Rg3+ 30. Nxg3 Rxe1 31. Ne2 Rf1+ 32. Ke4 Re1 33. Kf3 Kg6 34. Rd5 Rf1+ 35. Kg2 Rb1 36. b3 Rb2 37. Kf3 Rxa2 38. Rd7 Be5 39. Re7 Kxf6 40. Re8 a5 41. Rc8 Rb2 42. Rc6+ Kf5 43. Nc1 Rh2 44. Rxb6 Rxh3+ 45. Kg2 Rh2+ 46. Kf3 h4 47.
Rb5 Rc2 48. Ne2 h3 49. Rxc5 h2 50. Ng3+ Ke6 51. Nh1 Rc1 52. Nf2 Rf1 0-1

[Event "Early-Titled-Tuesday-Blitz-January-16-2024"]
[Site "Chess.com"]
[Date "2024.01.16"]
[Round "3"]
[White "NM_Antelacus"]
[Black "DeArron_Fox"]
[Result "1-0"]
[WhiteElo "2151"]
[BlackElo "2417"]
[TimeControl "180+1"]
[EndTime "8:29:53 PST"]
[Termination "NM_Antelacus won by resignation"]

1. e4 c5 2. Nf3 e6 3. c3 d5 4.
e5 d4 5. Bd3 Bd7 6. O-O Bc6 7.
Qe2 Ne7 8. Na3 Ng6 9. Be4 Bd5 10. d3 Nc6 11. cxd4 cxd4 12. Nc2 Ngxe5 13. Ncxd4 Bxe4 14. Qxe4 Nxf3+ 15. Nxf3 Be7 16. d4 O-O 17. Be3 Bf6 18. Ne5 Rc8 19. Rac1 Bxe5 20. dxe5 Qd5 21. Qxd5 exd5 22.
f4 Rfd8 23. Rfd1 g6 24. Kf2 Rd7 25. Kf3 Rcd8 26. Bd4 Rc8 27. Rc3 Nxd4+ 28. Rxd4 Rxc3+ 29. bxc3 Rc7 30. Rd3 Kf8 31. g4 Ke7 32. f5 gxf5 33.
gxf5 Rc4 34. Rxd5 Rxc3+ 35. Ke4 Rc2 36. Ra5 a6 37. h3 Re2+ 38. Kd5 Rh2 39. Ra3 Rd2+ 40.
Ke4 Rc2 41. Rb3 Rc7 42. Kd5 b5 43. Ra3 Ra7 44. Rg3 a5 45. h4 b4 46. h5 a4 47. h6 b3 48. axb3 a3 49. Rg1 a2 50.
Ra1 Ra5+ 51. Kd4 f6 52. exf6+ Kxf6 53. b4 Ra4 54. Kc3 Kxf5 55. Kb3 Ra8 56. Rxa2 Re8 57. Rh2 Kg6 58. b5 Re4 59. Kc3 Rf4 60. Kb3 Re4 61. Ka3 Rf4 62. b6 Rf6 63. Rb2 Rf8 64. b7 Rb8 65. Rb6+ Kg5 66. Kb4 Kh5 67. Kb5 Rxb7 68.
Rxb7 Kxh6 69. Kc4 Kg6 70. Kd3 h5 71. Ke3 Kg5 72. Kf3 h4 73. Kg2 1-0

[Event "Early-Titled-Tuesday-Blitz-January-16-2024"]
[Site "Chess.com"]
[Date "2024.01.16"]
[Round "3"]
[White "profedechess93"]
[Black "VladimirKramnik"]
[Result "1-0"]
[WhiteElo "2628"]
[BlackElo "2928"]
[TimeControl "180+1"]
[EndTime "8:29:54 PST"]
[Termination "profedechess93 won on time"]

1. e4 c5 2. Nf3 d6 3. Bb5+ Nd7 4. d4 cxd4 5. Qxd4 a6 6. Bxd7+ Bxd7 7. Bg5 f6 8. Be3 e5 9. Qd2 Be6 10. Nc3 Rc8 11.
O-O Ne7 12. Nh4 d5 13. exd5 Nxd5 14. Nxd5 Qxd5 15. Qe2 Qc4 16. Qh5+ Bf7 17. Qf5 Be7 18.
Qh3 g6 19. f4 O-O 20. fxe5 fxe5 21. Nf3 Bd5 22. Ng5 Bxg5 23. Bxg5 Qxc2 24. Be7 Rxf1+ 25. Rxf1 Re8 26. Ba3 Qe2 27. Qg3 Qe4 28. h4 h5 29.
Rf6 Bf7 30. Qf2 Qd4 31. Rxf7 Qxf2+ 32. Rxf2 Rd8 33. Re2 Rd5 34. Kf2 Kf7 35. Ke3 Ke6 36. Rf2 Rd4 37. g3 Rg4 38. Kf3 Rd4 39. b3 Rd3+ 40.
Kg2 e4 41. Bb2 Kd5 42. Bf6 e3 43. Re2 Ke4 44. Bg5 b5 45. Kf1 a5 46. Kg2 a4 47.
bxa4 bxa4 48. Rb2 Rc3 49. Rb4+ Kd3 50. Rb8 e2 51. Rd8+ Kc2 52. Rd2+ Kb1 53. Rxe2 1-0

[Event "Early-Titled-Tuesday-Blitz-January-16-2024"]
[Site "Chess.com"]
[Date "2024.01.16"]
[Round "3"]
[White "temiksmozg"]
[Black "Cambek64"]
[Result "1-0"]
[WhiteElo "2633"]
[BlackElo "2437"]
[TimeControl "180+1"]
[EndTime "8:29:55 PST"]
[Termination "temiksmozg won on time"]

1. d4 c5 2. c3 Qc7 3. Nf3 g6 4. Bg5 Bg7 5. e3 Nf6 6. Nbd2 O-O 7. Be2 d6 8. O-O Nbd7 9. Rc1 b6 10. Bh4 Bb7 11. Re1 a6 12. Bf1 Rfe8 13. h3 b5 14. e4 e5 15. Bg3 Nh5 16. Bh2 Rad8 17.
a4 c4 18. axb5 axb5 19. b3 Nb6 20. bxc4 Nxc4 21. Nxc4 bxc4 22. d5 Nf4 23. Nd2 Ba6 24. Qa4 Ra8 25. Ra1 Nd3 26. Reb1 Qc5 27. Bg3 Bh6 28. Nf3 Bf4 29. Bh4 h6 30. Qa5 g5 31.
Qxc5 Nxc5 32. Bg3 Nxe4 33. Bxf4 gxf4 34. Ra3 Bb7 35. Rxa8 Bxa8 36. Bxc4 Nxc3 37. Rb6 Nxd5 38. Rxd6 Nc3 39. Nh4 e4 40. Nf5 e3 41. fxe3 fxe3 42. Nxh6+ Kh7 43. Nxf7 e2 44. Ng5+ 1-0

[Event "Early-Titled-Tuesday-Blitz-January-16-2024"]
[Site "Chess.com"]
[Date "2024.01.16"]
[Round "3"]
[White "FredddieCroderg"]
[Black "crazy_but_lazy"]
[Result "0-1"]
[WhiteElo "2351"]
[BlackElo "2592"]
[TimeControl "180+1"]
[EndTime "8:29:56 PST"]
[Termination "crazy_but_lazy won on time"]

1. d4 Nf6 2. c4 g6 3. Nc3 Bg7 4. e4 d6 5. Be2 O-O 6. Nf3 e5 7. dxe5 dxe5 8. Qxd8 Rxd8 9. Bg5 Re8 10. Nd5 Nxd5 11. cxd5 c6 12. Bc4 b5 13. Bb3 a5 14. a4 Bb7 15. axb5 cxb5 16. O-O Bf8 17. Rfc1 Bd6 18. Bc2 Nd7 19. Bd3 Nc5 20. Bxb5 Reb8 21.
Bc4 Nxe4 22. Be3 Bc8 23. b3 Bd7 24. Nd2 Nxd2 25. Bxd2 Bb4 26. Bg5 Rc8 27. Bf6 Bd6 28. Re1 a4 29. h3 axb3 30. Rxa8 Rxa8 31. Bxb3 Re8 32. f3 Bc5+ 33. Kh2 Bd6 34. Kg1 Rb8 35.
Bc4 Re8 36. Bd3 h6 37. Be4 Rb8 38. Rb1 Rxb1+ 39. Bxb1 Bb5 40. Be4 Bc4 41. Kf2 Kf8 42. Ke3 Ke8 43. Kd2 Kd7 44. Kc3 Bf1 45. g4 Bxh3 46.
Bg7 f5 47. gxf5 gxf5 48. Bd3 h5 49. Kc4 Bg2 50. Bxf5+ Ke7 51. Bh6 Bxf3 52. Bg6 Kf6 53. Be8 h4 54. Be3 h3 55. Bg1 e4 56. Kb5 h2 0-1

[Event "Early-Titled-Tuesday-Blitz-January-16-2024"]
[Site "Chess.com"]
[Date "2024.01.16"]
[Round "3"]
[White "LuisFSiles"]
[Black "KChor05"]
[Result "0-1"]
[WhiteElo "2247"]
[BlackElo "2552"]
[TimeControl "180+1"]
[EndTime "8:29:56 PST"]
[Termination "KChor05 won on time"]

1. e4 c5 2. Nf3 Nc6 3. c3 Nf6 4. e5 Nd5 5. d4 cxd4 6. cxd4 d6 7.
Bc4 Nb6 8. Bb5 dxe5 9. Nxe5 Bd7 10. Nxd7 Qxd7 11. O-O a6 12. Bxc6 Qxc6 13. Nc3 e6 14. Qg4 Rd8 15. Rd1 h5 16. Qg5 Nd5 17. Ne4 Nb4 18. Nc3 Nc2 19. Rb1 Nb4 20. Be3 Nd5 21.
Rbc1 Nxe3 22. fxe3 Rh6 23. d5 Qb6 24. dxe6 Rxe6 25.
Nd5 Rxd5 26. Rxd5 Qxe3+ 27. Qxe3 Rxe3 28. Rc8+ Ke7 29. Rc7+ Ke6 30. Rd8 Be7 31. Rd2 Bh4 32. g3 Bg5 33. Kf2 Kf6 34. Re2 Rd3 35. Rxb7 Rd1 36.
Rb6+ Kf5 37. Rxa6 Kg4 38. Kg2 f5 39. Ra4+ f4 40. h3+ Kf5 41. Ra5+ Kg6 42. Re6+ Bf6 43.
gxf4 Rd2+ 44. Kf3 Rxb2 45. Rc6 h4 46. Rcc5 Rh2 47. Rg5+ Bxg5 48. Rxg5+ Kf6 49. Kg4 Rxa2 50. Kxh4 Ra4 51. Kg4 Ra3 52. Rb5 Rc3 53. h4 Kg6 54. h5+ Kh7 55. Rb6 Rc1 56. h6 Rg1+ 57. Kf5 gxh6 0-1

[Event "Early-Titled-Tuesday-Blitz-January-16-2024"]
[Site "Chess.com"]
[Date "2024.01.16"]
[Round "3"]
[White "HalfIsCrayfish"]
[Black "lucliasco"]
[Result "1-0"]
[WhiteElo "2632"]
[BlackElo "2913"]
[TimeControl "180+1"]
[EndTime "8:29:57 PST"]
[Termination "HalfIsCrayfish won on time"]

1. e4 e5 2. Nc3 Nc6 3. g3 h5 4.
h3 d6 5. d3 g6 6. Bg2 Bg7 7.
Nge2 Nge7 8. O-O Be6 9. f4 Qd7 10. Kh2 O-O-O 11. Be3 Nd4 12. Qd2 f5 13. Nd5 Bxd5 14.
exd5 h4 15. Bxd4 hxg3+ 16. Nxg3 exd4 17. Rae1 Ng8 18. Re6 Nf6 19. Kg1 Rhe8 20. Rfe1 Qb5 21. c4 dxc3 22. bxc3 a6 23. c4 Qa4 24. Qe2 Rxe6 25.
dxe6 Ng8 26. e7 Re8 27. Qe6+ Qd7 28. Qf7 Bf6 29. Qxg6 Bh4 30. Re3 Bxg3 31. Qxg3 Nxe7 32. Qe1 Kd8 33. Bxb7 c6 34. Qa5+ Qc7 35. Qxc7+ Kxc7 36. Bxa6 Kb6 37. Bc8 Kc7 38. Bxf5 Rg8+ 39. Bg4 Ng6 40. Rf3 Nh4 41. Rf2 Kb6 42. Kh2 Kc5 43. f5 Kd4 44. f6 Ke5 45. f7 Rf8 46. Bh5 Nf5 47. Bg4 Nh6 48. a4 Kd4 49. a5 Ke3 50. Rf3+ Ke2 51.
Kg3 Kd2 52. a6 Nxf7 53. a7 Kc3 54. Rxf7 1-0

[Event "Early-Titled-Tuesday-Blitz-January-16-2024"]
[Site "Chess.com"]
[Date "2024.01.16"]
[Round "3"]
[White "KnightmareJoker"]
[Black "Matols"]
[Result "1/2-1/2"]
[WhiteElo "2093"]
[BlackElo "2377"]
[TimeControl "180+1"]
[EndTime "8:29:58 PST"]
[Termination "Game drawn by repetition"]

1. e4 c6 2. d4 d5 3. exd5 cxd5 4.
Bd3 Nc6 5. c3 Nf6 6. Bf4 Bg4 7.
Qb3 Qd7 8. Nd2 e6 9. Ngf3 Bxf3 10.
Nxf3 Bd6 11. Bg3 O-O 12. O-O Bxg3 13. hxg3 a6 14. Qc2 Rac8 15. a3 g6 16. Rfe1 Kg7 17.
Qe2 h5 18. Ne5 Nxe5 19. Qxe5 Qc7 20. Re2 Qxe5 21. Rxe5 Rc7 22. Kf1 Rfc8 23. Ree1 Nd7 24. Ke2 Nb6 25. Kd2 Nc4+ 26. Bxc4 Rxc4 27. Rec1 b5 28.
Kd3 Kf6 29. b3 R4c6 30. a4 b4 31. c4 dxc4+ 32. Rxc4 Rxc4 33. bxc4 a5 34. c5 e5 35. Re1 exd4 36. Kxd4 Rd8+ 37. Kc4 Rd2 38. c6 Rxf2 39. Rc1 Ke7 40. Kb5 Kd8 41. Kxa5 b3 42. Kb6 Rc2 43.
Rd1+ Kc8 44. Re1 Kd8 45. Rd1+ Kc8 46. a5 b2 47. Re1 Kd8 48. Rd1+ Kc8 49. Rb1 Rxg2 50.
a6 Rxg3 51. Rxb2 Ra3 52. c7 h4 53. a7 h3 54. Re2 Rb3+ 55. Kc6 Rc3+ 56. Kd6 Rd3+ 57.
Kc6 Rc3+ 58. Kd6 Rd3+ 59. Kc6 Rc3+ 1/2-1/2

[Event "Early-Titled-Tuesday-Blitz-January-16-2024"]
[Site "Chess.com"]
[Date "2024.01.16"]
[Round "3"]
[White "Louis-Paulsen-Fan"]
[Black "Mikayel99"]
[Result "0-1"]
[WhiteElo "2306"]
[BlackElo "2582"]
[TimeControl "180+1"]
[EndTime "8:29:59 PST"]
[Termination "Mikayel99 won on time"]

1. d4 Nf6 2. Nf3 d5 3. c4 e6 4. Nc3 c5 5. e3 Nc6 6. a3 dxc4 7. Bxc4 a6 8. O-O b5 9. Be2 Bb7 10. dxc5 Qxd1 11. Rxd1 Bxc5 12. b4 Be7 13. Bb2 O-O 14.
Nd2 Rfc8 15. Bf3 Nd8 16. Nde4 Rc4 17. Nd6 Bxd6 18. Rxd6 Bxf3 19. gxf3 Nb7 20. Rb6 Rc7 21.
e4 Nd7 22. Nxb5 axb5 23. Rxb5 Nd6 24. Rg5 f6 25. Rg3 e5 26. f4 exf4 27. Rb3 Nxe4 28.
a4 Ne5 29. Bxe5 fxe5 30. a5 Rca7 31. f3 Nd2 32. Rd3 Nc4 33. Rc3 Ne3 34. Rc5 Kf7 35. Rxe5 Kf6 36. Rb5 g5 37. Rb6+ Ke5 38. a6 Nd5 39.
Rb5 Rxa6 40. Rd1 Rd6 41. Rc5 Rb8 42. b5 Ke6 43. Re1+ Ne3 44. Rb1 Rdb6 45. Rxg5 Nf5 46. Rh5 Rxb5 47. Rxb5 Rxb5 48. Rxh7 Rb2 49. Ra7 Ne3 50.
Ra6+ Kf5 51. Ra5+ Kg6 52. h4 Rg2+ 53. Kh1 Rg3 54. Kh2 Rxf3 55. Kg1 Rh3 56. h5+ Rxh5 57. Ra4 Kg5 0-1

[Event "Early-Titled-Tuesday-Blitz-January-16-2024"]
[Site "Chess.com"]
[Date "2024.01.16"]
[Round "3"]
[White "artin10862"]
[Black "NovozhilovSemen"]
[Result "1-0"]
[WhiteElo "2901"]
[BlackElo "2674"]
[TimeControl "180+1"]
[EndTime "8:30:00 PST"]
[Termination "artin10862 won by resignation"]

1. Nf3 Nf6 2. g3 d5 3. Bg2 c6 4.
O-O Bg4 5. d3 Nbd7 6. Nbd2 e5 7.
e4 dxe4 8. dxe4 Be7 9. h3 Bh5 10. Qe1 O-O 11. Nh4 Re8 12. Nc4 a5 13. a4 Bf8 14.
Bf3 Bg6 15. Nxg6 hxg6 16. Bd2 b6 17. Qe2 Nc5 18. Bc3 Qc7 19. Kg2 Nfd7 20. Rfd1 Rab8 21. h4 Ne6 22. h5 gxh5 23. Bxh5 g6 24. Bg4 Bg7 25. Rd6 Ndc5 26. Bxe6 Nxe6 27. Rad1 Nd4 28. Qg4 Re7 29. Rh1 b5 30. Bxa5 Qa7 31. Bb6 Qb7 32.
axb5 cxb5 33. Na5 Qa8 34. Bxd4 Qxa5 35. Be3 Qc7 36. Rhd1 Ree8 37. R1d2 Bf8 38. Rd7 Qc6 39. Qf3 Qe6 40. R7d5 Be7 41. Qd1 Rbd8 42. Rxd8 Bxd8 43. Rxd8 Rxd8 44. Qxd8+ Kg7 45. Qd5 Qe7 46. Qxb5 f5 47.
exf5 gxf5 48. Qd5 Kg6 49. c4 f4 50. Qe4+ Kh5 51. Bxf4 1-0

[Event "Early-Titled-Tuesday-Blitz-January-16-2024"]
[Site "Chess.com"]
[Date "2024.01.16"]
[Round "3"]
[White "Legendinunknown"]
[Black "Grischuk"]
[Result "1-0"]
[WhiteElo "2807"]
[BlackElo "3080"]
[TimeControl "180+1"]
[EndTime "8:30:01 PST"]
[Termination "Legendinunknown won by resignation"]

1. d4 e6 2. c4 b6 3. a3 Bb7 4. Nc3 f5 5. d5 Nf6 6. g3 Bd6 7.
Bg2 O-O 8. Nh3 Na6 9. O-O Nc5 10. b4 Nce4 11. Nxe4 Nxe4 12. Bb2 exd5 13. cxd5 a5 14. f3 Nf6 15. e4 axb4 16. axb4 Rxa1 17. Bxa1 fxe4 18. fxe4 Qe7 19. e5 Bxe5 20. d6 Bxd6 21. Bxb7 Bxb4 22. Qb3+ Kh8 23. Bg2 c6 24. Kh1 Bc5 25.
Qd3 Qe3 26. Qf5 Bd4 27. Bxd4 Qxd4 28. Ng5 h6 29. Nf3 Qe4 30. Nh4 Qxf5 31. Rxf5 Re8 32.
Bf3 d5 33. Kg2 Kg8 34. Kf2 b5 35. Rf4 Re5 36. Ng6 Re8 37. Rb4 Kf7 38. Nf4 g5 39. Nd3 Ke6 40. Rb1 Kd6 41. Rc1 Ne4+ 42. Bxe4 Rxe4 43. Kf3 g4+ 44. Kf2 b4 45. Rc2 Rc4 46. Rxc4 dxc4 47. Nxb4 Kc5 48. Nc2 Kd5 49. Ke3 Ke5 50.
Nb4 c5 51. Na2 h5 52. Nc3 Kf5 53. Ne4 Ke5 54. Nxc5 Kd5 55. Na4 Ke5 56. Nc3 Kf5 57. Kd4 h4 58. Kxc4 1-0

[Event "Early-Titled-Tuesday-Blitz-January-16-2024"]
[Site "Chess.com"]
[Date "2024.01.16"]
[Round "3"]
[White "Batcu"]
[Black "Kostya0705"]
[Result "0-1"]
[WhiteElo "2254"]
[BlackElo "2561"]
[TimeControl "180+1"]
[EndTime "8:30:01 PST"]
[Termination "Kostya0705 won on time"]

1. d4 Nf6 2. Bf4 d5 3. e3 c5 4.
c3 Qb6 5. Qc2 g6 6. Nd2 Bf5 7.
Qc1 Bg7 8. Ngf3 c4 9. h3 O-O 10.
Be2 Nc6 11. O-O Qd8 12. a4 a6 13. Ne5 Nxe5 14. Bxe5 b5 15. f3 Qd7 16. g4 Be6 17. e4 Rfd8 18. Bf4 h5 19. e5 Nh7 20. Rf2 hxg4 21. hxg4 f6 22. exf6 exf6 23. Nf1 Kf7 24. Bd1 g5 25. Bh2 Nf8 26. Bc2 Ng6 27. Bxg6+ Kxg6 28. Qc2+ Kh6 29. Re1 Bf8 30. Bc7 Bd6 31. Bxd8 Rxd8 32.
Ne3 Bg3 33. Ree2 Bxf2+ 34. Rxf2 Kg7 35. Rh2 Rh8 36. Rxh8 Kxh8 37. Qg6 Qf7 38. Qh6+ Kg8 39. axb5 axb5 40. Nf1 Qg7 41. Qh2 f5 42. Qb8+ Kh7 43.
Qd6 Qf7 44. Qe5 Kg6 45. Ng3 fxg4 46. fxg4 Bxg4 47. Qd6+ Qe6 48. Qc7 Qe3+ 49. Kg2 Qf3+ 50. Kg1 Qe3+ 51. Kg2 Bf3+ 52. Kf1 g4 53. Qd6+ Kg5 54.
Qd8+ Kf4 55. Nh5+ Kf5 0-1